 Dungeon Crawl Stone Soup version 0.30-a0-168-g0b976cbdc4 (webtiles) character file.

Game seed: 4625447127023578477

19 JoshKwa the Firebug (level 2, 0/19 HPs)
             Began as a Human Fire Elementalist on Sept 30, 2022.
             Slain by a ball python (2 damage)
             ... on level 1 of the Dungeon.
             The game lasted 00:04:35 (1522 turns).

JoshKwa the Firebug (Human Fire Elementalist)       Turns: 1522, Time: 00:04:36

Health: 0/19       AC:  2    Str:  8    XL:     2   Next: 95%
Magic:  5/5        EV:  9    Int: 15    God:
Gold:   49         SH:  0    Dex: 13    Spells: 4/5 levels left

rFire   . . .      SeeInvis .    d - +0 mace
rCold   . . .      Faith    .    (no shield)
rNeg    . . .      Spirit   .    a - +0 robe
rPois   .          Reflect  .    (no helmet)
rElec   .          Harm     .    (no cloak)
rCorr   .          Rampage  .    (no gloves)
Will    .....                    (no boots)
Stlth   ++........               (no amulet)
HPRegen 0.06/turn                (no ring)
MPRegen 0.09/turn                (no ring)

@: hasted, constricted, very quick
A: no striking features
a: no special abilities


You were on level 1 of the Dungeon.
You visited 1 branch of the dungeon, and saw 1 of its levels.

You collected 49 gold pieces.

Inventory:

Hand Weapons
 d - a +0 mace (weapon)
Armour
 a - a +0 robe (worn)
Potions
 b - a potion of magic


   Skills:
 + Level 0.2 Fighting
 + Level 2.3 Dodging
 + Level 2.1 Stealth
 + Level 2.1 Spellcasting
 + Level 1.0 Conjurations
 + Level 3.4 Fire Magic


You had 4 spell levels left.
You knew the following spells:

 Your Spells              Type           Power      Damage    Failure   Level
a - Foxfire               Conj/Fire      32%        2x1d5     9%          1

Your spell library contained the following spells:

 Spells                   Type           Power      Damage    Failure   Level
 Scorch                   Fire           22%        2d6       9%          2
 Inner Flame              Hex/Fire       6%         N/A       32%         3
 Kindle Blastsparks       Fire/Tloc/Air  10%        2d10      38%         3
 Flame Wave               Conj/Fire      8%         2d5       65%         4


Dungeon Overview and Level Annotations

Branches:
Dungeon (1/15)

Altars:


Message History

The bat barely misses you.
Your foxfire dissipates!
The foxfire hits the bat.
The bat is severely wounded.
The bat hits you. The bat closely misses you.
You hit the bat.
You kill the bat!
The endoplasm freezes you.
You are frozen.
The ball python bites the bush but does no damage.
You barely miss the endoplasm.
The ball python hisses angrily.
The endoplasm freezes you.
You are frozen.
You hit the endoplasm but do no damage. Your punch misses the endoplasm.
The endoplasm barely misses you. The endoplasm hits you.
You hit the endoplasm.
The endoplasm is moderately wounded.
The endoplasm freezes you.
You are frozen.
You hit the endoplasm.
The endoplasm is heavily wounded.
The ball python barely misses you. The ball python grabs you.
The ball python constricts you. The endoplasm freezes you.
You are frozen.
The endoplasm hits you.
* * * LOW HITPOINT WARNING * * *
The ball python bites you.
* * * LOW HITPOINT WARNING * * *
The ball python constricts you.
It was a potion of haste.
You feel yourself speed up. The ball python closely misses you.
The ball python constricts you.
* * * LOW HITPOINT WARNING * * *
The endoplasm closely misses you.
As you read the scroll labelled LOOR QA TAORR, it crumbles to dust.
It is a scroll of identify.
You don't have any unidentified items.
The ball python bites you.
You die...

.♣ ♣♣♣P #
♣♣♣#♣.. #.
...♣.♣♣♣
###.#♣♣♣.#.#.#
#####
♣............#
#....
♣P♣###.######.#
#.##. #.# #.#
#.##. #@#
#.#####.###
♣..SJ#
#.....#.#
##.#.#
#####.#.# #.#.#
#.#.# . ..#
#>#.# .. #.#
#.#.## .. ..#
#.#.#.# ..P


PP# #..#.#. #.#.### You could see an endoplasm and a ball python.

Vanquished Creatures
  3 ball pythons (D:1)
  3 bats (D:1)
  2 endoplasms (D:1)
  5 giant cockroaches (D:1)
  A frilled lizard (D:1)
  2 rats (D:1)
16 creatures vanquished.

Vanquished Creatures (collateral kills)
  2 foxfires (D:1)
2 creatures vanquished.

Vanquished Creatures (others)
  28 foxfires (D:1)
  6 plants (D:1)
34 creatures vanquished.

Grand Total: 52 creatures vanquished

Notes
Turn   | Place    | Note
-------+----------+-------------------------------------------
     0 | D:1      | JoshKwa the Human Fire Elementalist began the quest for the
                  | Orb.
     0 | D:1      | Reached XP level 1. HP: 13/13 MP: 3/3
   149 | D:1      | Reached XP level 2. HP: 10/19 MP: 1/5
  1522 | D:1      | Slain by a ball python

Illustrated notes

Levels and vault maps discovered:
D:1:      erik_arrival_orb_chamber, layout_loops_ring, serial_forest,
          infiniplex_forest_lined_2, infiniplex_forest_end_2,
          infiniplex_forest_straight_1, infiniplex_forest_join,
          infiniplex_forest_clump_small, infiniplex_forest_pool,
          infiniplex_forest_clump_small, infiniplex_forest_lined_1,
          infiniplex_forest_zigzag_2

Action                   || total
-------------------------++-------
Melee: Unarmed           ||    37
       Mace              ||    29
       Punch             ||     1
 Cast: Foxfire           ||    20
  Use: Scroll            ||     4
       Potion            ||     2
 Stab: Sleeping          ||     2
Armor: Robe              ||    20
Dodge: Dodged            ||    69

Table legend: (Time is in decaauts)
 A = Elapsed time spent in this place.
 B = Non-inter-level travel time spent in this place.
 C = Inter-level travel time spent in this place.
 D = Time resting spent in this place.
 E = Time spent auto-exploring this place.
 F = Levels seen in this place.
 G = Mean time per level.
                   A        B        C        D        E       F      G
               +--------+--------+--------+--------+--------+-----+--------+
         Total |   1533 |   1533 |      0 |    994 |      0 |   1 | 1533.0 |
       Dungeon |   1533 |   1533 |      0 |    994 |      0 |   1 | 1533.0 |
               +--------+--------+--------+--------+--------+-----+--------+

Top non-repeatable levels by time:
     D:1: 1533 daAuts
